 Dungeon Crawl Stone Soup version 0.25.1-11-g244df3a29b (webtiles) character file.

Game seed: 14022661393598509432

137 DeepDeath the Twirler (level 5, 0/38 HPs)
             Began as a Formicid Gladiator on Dec 30, 2023.
             Slain by a centaur (6 damage)
             ... on level 4 of the Dungeon.
             The game lasted 00:08:15 (2767 turns).

DeepDeath the Twirler (Formicid Gladiator)          Turns: 2767, Time: 00:08:16

Health: 0/38       AC:  2    Str: 25    XL:     5   Next: 44%
Magic:  5/5        EV: 13    Int:  6    God:
Gold:   77         SH:  0    Dex: 12    Spells: 4/4 levels left

rFire    . . .     SeeInvis +   a - +0 quarterstaff
rCold    . . .     Gourm    .   (no shield)
rNeg     . . .     Faith    .   s - +0 robe of Dyoraor {+Fly rCorr Str+6 Int-2}
rPois    .         Spirit   .   (helmet unavailable)
rElec    .         Reflect  .   (no cloak)
rCorr    +         Harm     .   (no gloves)
MR       .....                  (no boots)
Stlth    +.........             (no amulet)
HPRegen  0.12/turn              (no ring)
MPRegen  0.09/turn              (no ring)

@: no status effects
A: permanent stasis, dig shafts and tunnels, four strong arms, antennae 3
a: Dig, Shaft Self, Evoke Flight


You were on level 4 of the Dungeon.
You were not hungry.

You visited 1 branch of the dungeon, and saw 4 of its levels.

You collected 77 gold pieces.

Inventory:

Hand Weapons
 a - a +0 quarterstaff (weapon)
 u - a +0 hunting sling
Missiles
 c - 3 throwing nets
 f - 15 sling bullets
 h - 80 stones (quivered)
 l - 6 javelins
Armour
 n - a +0 ring mail of positive energy
 p - a +0 kite shield
 q - a +0 buckler
 s - the +0 robe of Dyoraor (worn) {+Fly rCorr Str+6 Int-2}
   (You found it on level 4 of the Dungeon)

   It affects your strength (+6).
   It affects your intelligence (-2).
   It lets you fly.
   It provides partial protection from all sources of acid and corrosion.
Scrolls
 e - 3 scrolls of remove curse
 o - 2 scrolls of amnesia
 r - a scroll of fog
 v - a scroll of immolation {unknown}
Potions
 b - a potion of heal wounds
 g - a potion of brilliance
 i - a potion of flight
 j - 2 potions of lignification
 k - a potion of might {unknown}
 m - a potion of magic {unknown}
Comestibles
 d - 4 rations


   Skills:
 - Level 2.1 Fighting
 + Level 5.3 Staves
 - Level 2.0 Throwing
 + Level 0.6 Armour
 - Level 2.6 Dodging
 + Level 1.8 Shields


You had 4 spell levels left.
You didn't know any spells.
Your spell library was empty.

Dungeon Overview and Level Annotations

Branches:
Dungeon (4/15)
 Temple: D:4-7

Altars:
Dithmenos
Elyvilon
Gozag
Makhleb
Nemelex Xobeh
Trog
Yredelemnul

Annotations:
D:3 1 runed translucent door, yourfavgirlally's ghost, amateur TrFi
D:4 Robin


Innate Abilities, Weirdness & Mutations

You cannot be hasted, slowed, berserked, paralysed or teleported.
You can dig through walls and to a lower floor.
Your four strong arms can wield two-handed weapons with a shield.
You have a pair of large antennae on your head. (SInv)


Message History

The arrow hits you.
You see here an arrow.
Unknown command.
The centaur shoots an arrow.
The arrow hits you!
You see here an arrow.
The centaur shoots an arrow.
The arrow hits you!
You see here an arrow.
You start resting.
The centaur is too close now for your liking.
The centaur shoots an arrow.
The arrow hits you!
* * * LOW HITPOINT WARNING * * *
You see here an arrow.
The centaur unwields a +0 shortbow.
The centaur misses you.
You see here an arrow.
You hit the centaur but do no damage. The centaur hits you.
* * * LOW HITPOINT WARNING * * *
The centaur barely misses you.
All of the chunks of flesh in your inventory have rotted away.
You hit the centaur but do no damage. The centaur hits you.
You die...

### #.# #.# #######.# #. #.#
.....##.# #.# #.# ##.#.##.#
#.# #.# #....# #.# #.# .....##
#.# #.# ......# #.# #.#
.....## #######.############.#
#....# ....)...@(...........#
##.#.##########c##############
........... #..## .##..#####
#..(# .......# #.......#
.###...# #._..._.# .......#
#..........# .##....#
#.....⌠....# .#
..............!.#


You could see a centaur.

Vanquished Creatures
  3 adders
  An ooze (D:1)
  3 worms
  A dart slug (D:1)
  4 leopard geckos
  8 orcs
  6 giant cockroaches
  6 hobgoblins
  5 jackals (D:1)
  4 kobolds
  4 ball pythons
  8 bats
  3 frilled lizards (D:1)
  17 goblins
  5 rats
78 creatures vanquished.

Vanquished Creatures (others)
  A withered plant (D:3)
1 creature vanquished.

Grand Total: 79 creatures vanquished

Notes
Turn   | Place    | Note
-------+----------+-------------------------------------------
     0 | D:1      | DeepDeath the Formicid Gladiator began the quest for the
                  | Orb.
     0 | D:1      | Reached XP level 1. HP: 16/16 MP: 1/1
    71 | D:1      | Reached XP level 2. HP: 22/22 MP: 2/2
   404 | D:1      | Reached skill level 4 in Staves
   404 | D:1      | Reached XP level 3. HP: 27/27 MP: 3/3
  1143 | D:2      | Found a sparkling altar of Nemelex Xobeh.
  1150 | D:2      | Reached XP level 4. HP: 29/33 MP: 4/4
  1321 | D:2      | Reached skill level 5 in Staves
  1545 | D:2      | Found an opulent altar of Gozag.
  1874 | D:3      | Found a burning altar of Makhleb.
  1874 | D:3      | Noticed a blizzard demon
  1877 | D:3      | Noticed a smoke demon
  1877 | D:3      | Noticed a ynoxinul
  1959 | D:3      | Reached skill level 1 in Shields
  1972 | D:3      | Reached XP level 5. HP: 31/38 MP: 5/5
  2174 | D:3      | Found a runed translucent door.
  2174 | D:3      | Noticed yourfavgirlally's ghost (amateur TrFi)
  2480 | D:4      | Noticed Robin
  2550 | D:4      | Got a fabulously ornate robe
  2572 | D:4      | Identified the +0 robe of Dyoraor {+Fly rCorr Str+6 Int-2}
                  | (You found it on level 4 of the Dungeon)
  2753 | D:4      | Found a white marble altar of Elyvilon.
  2754 | D:4      | Found a shadowy altar of Dithmenos.
  2755 | D:4      | Found a basalt altar of Yredelemnul.
  2755 | D:4      | Found a bloodstained altar of Trog.
  2756 | D:4      | Noticed a centaur
  2767 | D:4      | Slain by a centaur

Illustrated notes

Levels and vault maps discovered:
D:1:      tarquinn_simple_flora_water_d, layout_loops_corners,
          hangedman_decor_riveting
D:2:      layout_basic, lemuel_round_altar, nemelex_xobeh_ov_fountains_minmay
D:3:      layout_basic, makhleb_altar_promises_db, first_ration,
          gammafunk_ghost_grave, chequers_serial_rivers_micro_b
D:4:      layout_basic, overflow_temple_1_default, grunt_temple_overflow_open,
          uniq_robin, uniq_blork_the_orc

Skill      XL: |  1  2  3  4 |
---------------+-------------+-----
Staves         | 4 5 |  5.3
Shields        | 1 |  1.8
Fighting       | |  2.1
Throwing       | |  2.0
Armour         | |  0.6
Dodging        | |  2.6

Action                   |  1- 3 |  4- 6 || total
-------------------------+-------+-------++-------
Melee: Quarterstaff      |    90 |   101 ||   191
Throw: Javelin           |       |     3 ||     3
       Stone             |       |    32 ||    32
  Use: Scroll            |     4 |     6 ||    10
       Potion            |       |     1 ||     1
 Stab: Sleeping          |       |     1 ||     1
  Eat: Chunk             |     1 |     5 ||     6
Armor: Leather armour    |    28 |    17 ||    45
       Ring mail         |       |     4 ||     4
       Robe              |       |     1 ||     1
Dodge: Dodged            |    75 |    45 ||   120
